 Dungeon Crawl Stone Soup version 0.23.2-40-g277498a001 (webtiles) character file.

Game seed: 5951438486017920314

49 BinkBink the Twirler (level 3, 0/27 HPs)
             Began as a Demonspawn Gladiator on Aug 13, 2019.
             Was an Initiate of Makhleb.
             Slain by a hobgoblin
             ... wielding a +0 club
              (2 damage)
             ... on level 2 of the Dungeon.
             The game lasted 00:01:30 (771 turns).

BinkBink the Twirler (Demonspawn Gladiator)          Turns: 771, Time: 00:01:30

Health: 0/27       AC:  3    Str: 14    XL:     3   Next: 51%
Magic:  3/3        EV: 13    Int:  9    God:    Makhleb [......]
Gold:   37         SH:  0    Dex: 15    Spells: 2/2 levels left

rFire    . . .     SeeInvis .   a - +0 quarterstaff
rCold    . . .     Gourm    .   (shield currently unavailable)
rNeg     . . .     Faith    .   b - +0 leather armour
rPois    .         Spirit   .   (helmet restricted)
rElec    .         Reflect  .   (no cloak)
rCorr    .         Harm     .   (no gloves)
MR       .....                  (no boots)
Stlth    +.........             (no amulet)
HPRegen  0.09/turn              (no ring)
MPRegen  0.08/turn              (no ring)

@: no status effects
A: horns 1
a: Renounce Religion


You were on level 2 of the Dungeon.
You worshipped Makhleb.
Makhleb was noncommittal.
You were not hungry.

You visited 1 branch of the dungeon, and saw 2 of its levels.

You collected 37 gold pieces.

Inventory:

Hand Weapons
 a - a +0 quarterstaff (weapon)
Missiles
 d - 3 throwing nets (quivered)
Armour
 b - a +0 leather armour (worn)
 c - a +0 helmet
Scrolls
 e - 3 scrolls of identify {unknown}
 h - a scroll of immolation {unknown}
 i - a scroll of magic mapping {unknown}
 j - 2 scrolls of remove curse {unknown}
Potions
 g - a potion of magic {unknown}
Comestibles
 f - 5 rations


   Skills:
 + Level 2.2 Fighting
 + Level 3.6 Staves
 + Level 1.7 Throwing
 + Level 0.6 Armour
 + Level 2.9 Dodging
 + Level 0.3 Stealth


You had 2 spell levels left.
You didn't know any spells.
Your spell library was empty.

Dungeon Overview and Level Annotations

Branches:
Dungeon (2/15)

Altars:
Makhleb


Innate Abilities, Weirdness & Mutations

You have a pair of small horns on your head.


Message History

You hit the goblin.
The goblin is moderately wounded.
The goblin hits you but does no damage.
You hit the goblin.
The goblin is severely wounded.
The goblin barely misses you.
You hit the goblin.
You kill the goblin!
Makhleb accepts your kill.
Things that are here:
a +0 club; a goblin corpse The hobgoblin closely misses you.
You barely miss the hobgoblin. The hobgoblin hits you with a +0 club.
* * * LOW HITPOINT WARNING * * *
You closely miss the hobgoblin. The hobgoblin hits you with a +0 club.
* * * LOW HITPOINT WARNING * * *
You hit the hobgoblin but do no damage.
The hobgoblin hits you but does no damage.
You closely miss the hobgoblin. The hobgoblin hits you with a +0 club.
You die...

#.#### ###.##
##....####.
#.......... .
#####.###.#####
<# #>...#....#
.# #.###.#####
.#
########.###.#
.###
#...g@)....#.#
...
......(....#.#.#
..#
....#####......#
(.# #.#
#..........#
..###(# #
!.###.....##
.<....# #..#.##
..##.....
....#.# ..# ..##
###.##.# ..# ..#
#. #.#


You could see a hobgoblin.

Vanquished Creatures
  An adder (D:2)
  3 dart slugs
  2 leopard geckos (D:1)
  A ball python (D:2)
  5 bats (D:1)
  2 giant cockroaches (D:1)
  2 goblins
  3 hobgoblins
  3 jackals (D:2)
  5 kobolds
  5 rats
32 creatures vanquished.

Notes
Turn   | Place    | Note
-------+----------+-------------------------------------------
     0 | D:1      | BinkBink the Demonspawn Gladiator began the quest for the
                  | Orb.
     0 | D:1      | Reached XP level 1. HP: 16/16 MP: 1/1
   205 | D:1      | Reached skill level 3 in Staves
   205 | D:1      | Gained mutation: You have a pair of small horns on your
                  | head. [demonic ancestry]
   205 | D:1      | Reached XP level 2. HP: 22/22 MP: 2/2
   520 | D:2      | Reached XP level 3. HP: 24/27 MP: 3/3
   724 | D:2      | Found a burning altar of Makhleb.
   733 | D:2      | Became a worshipper of Makhleb the Destroyer
   771 | D:2      | Slain by a hobgoblin

Skill      XL: |  1 |
---------------+----+-----
Staves         | 3 |  3.6
Fighting       | |  2.2
Throwing       | |  1.7
Armour         | |  0.6
Dodging        | |  2.9
Stealth        | |  0.3

Action                   || total
-------------------------++-------
Melee: Quarterstaff      ||    94
       Headbutt          ||    10
 Stab: Sleeping          ||     1
Armor: Leather armour    ||    29
Dodge: Dodged            ||    87
